← All builds
Suicide front / Armada / Factory first / OBSERVED BUILD

Standard suicide front

Armada Suicide front build order · Supreme Isthmus

The role's baseline: Bot Lab at 0:21 then straight into reclaim-fed T1 bot production to contest the middle and hold until T2 arrives, with an Advanced Metal Extractor around 9:45.

#rush · 2020 distinct matches · 232 players · 71% of Armada Suicide front games · team won 59% of 2395 · Recently observed

HOW TO PLAY IT

Key timing: Bot Lab by 0:20

  1. Open with mex and lab-first to get Bot Lab up by 0:20.
  2. Expand mex and wind while lab pumps units toward middle.
  3. Push Sentry and early Rocketeer, Centurion to contest middle.
  4. Get T2 constructor out once Pond's boost lets you spare metal.
  5. Upgrade mex to Advanced Metal Extractor as you transition off T1 spam.

Phase by phase

TYPICAL OF ITS 2020 GAMES
  1. 1
  2. 2
  3. 3
PLAY THE OPENING

Follow the example game's first 6:00 step by step: what to build now, what comes next, and where it goes. At 1× it keeps pace with your own game.

  1. 1

    Bot Lab first

    Order
    1. Bot LabBot Lab done ~0:21, middle half 0:20–0:33

    Some games also: mex (44%)

  2. 2

    Bot Lab to 5:00

    Economy
    • Metal Extractor5Mex
    • Wind Turbine4Wind
    Builders
    • Construction Bot3 Con bot
    • Lazarus2 Lazarus
    Army
    • Sentry4 Sentry
    • Rocketeer16 Rocketeer
    • Tick2 Tick
    • Centurion1 Centurion
    Other
    • Radar Tower1 Radar Tower

    Some games also: pawn (37%) · con turret (34%)

    By 5:00 in all: 5 mex · 4 wind

    The example game in this phase · 28 steps
    1. LazarusLazarus
    2. Construction BotCon bot ×3
    3. LazarusLazarus
    4. Mex
    5. CenturionCenturion
    6. TickTick
    7. RocketeerRocketeer
    8. Mex
    9. RocketeerRocketeer ×2
    10. SentrySentry
    11. LazarusLazarus
    12. SentrySentry
    13. RocketeerRocketeer ×2
    14. Dragon's TeethDragon's Teeth ×3
    15. RocketeerRocketeer
    16. Dragon's TeethDragon's Teeth ×3
    17. LazarusLazarus
    18. RocketeerRocketeer
    19. Radar TowerRadar Tower
    20. RocketeerRocketeer ×2
    21. LazarusLazarus
    22. RocketeerRocketeer ×3
    23. LazarusLazarus
    24. RocketeerRocketeer ×3
    25. LazarusLazarus
    26. RocketeerRocketeer ×3
    27. LazarusLazarus
    28. Construction BotCon bot ×2
  3. 3

    5:00 to 10:00

    Economy
    • Metal Extractor1Mex
    • Wind Turbine15Wind
    Builders
    • Construction Turret2 Con turret
    • Lazarus2 Lazarus
    • Construction Bot1 Con bot
    Army
    • Sentry1 Sentry
    • Rocketeer8 Rocketeer

    Some games also: pawn (49%) · Radar Tower (46%) · tick (45%) · centurion (44%) · energy storage (43%) · eat Bot Lab (31%)

    By 10:00 in all: 6 mex · 21 wind · 1 energy storage · 2 con turret

    The example game in this phase · 70 steps
    1. PawnPawn ×20
    2. LazarusLazarus
    3. Mex
    4. PawnPawn ×7
    5. Construction BotCon bot
    6. Wind
    7. Construction BotCon bot
    8. Wind ×2
    9. PawnPawn
    10. SentrySentry
    11. PawnPawn
    12. Wind
    13. PawnPawn
    14. SentrySentry
    15. Wind
    16. PawnPawn ×2
    17. Wind
    18. Dragon's TeethDragon's Teeth
    19. PawnPawn
    20. Dragon's TeethDragon's Teeth ×2
    21. PawnPawn
    22. Dragon's TeethDragon's Teeth
    23. Wind
    24. Dragon's TeethDragon's Teeth
    25. PawnPawn
    26. Dragon's TeethDragon's Teeth ×2
    27. Wind
    28. PawnPawn
    29. Dragon's TeethDragon's Teeth
    30. PawnPawn
    31. Wind
    32. SentrySentry
    33. PawnPawn ×2
    34. Wind
    35. PawnPawn
    36. SentrySentry
    37. Wind
    38. LazarusLazarus
    39. Advanced Metal ExtractorT2 mexdone 9:44 · typical 9:46
    40. Wind
    41. Dragon's TeethDragon's Teeth
    42. PawnPawn
    43. Dragon's TeethDragon's Teeth ×2
    44. PawnPawn
    45. Energy storage
    46. Dragon's TeethDragon's Teeth
    47. PawnPawn
    48. Dragon's TeethDragon's Teeth
    49. Wind
    50. Dragon's TeethDragon's Teeth
    51. Con turret
    52. Dragon's TeethDragon's Teeth
    53. PawnPawn
    54. SentrySentry
    55. Advanced Metal ExtractorT2 mex
    56. PawnPawn
    57. SentrySentry
    58. PawnPawn
    59. Wind
    60. SentrySentry
    61. PawnPawn
    62. Wind
    63. PawnPawn
    64. SentrySentry
    65. Wind ×3
    66. Advanced Metal ExtractorT2 mex
    67. PawnPawn
    68. Wind
    69. PawnPawn ×2
    70. Wind ×2

Counts are medians over the build's games: half of them build more, half fewer. The example game is Nutzz's (40 OS, 14/10/2026); pick another.

Team trades

IN AT LEAST 30% OF ITS GAMES

You hand over

Nothing regular.

You get

  • Tidal Generator4 Tidal from Pondfirst at 0:11 · in 68% of games
  • Advanced Construction Bot1 T2 con bot from Geo or Techfirst at 7:41 · in 57% of games

How it plays out

Typical game of this build, running totals by minute

Metal produced

010k20k
0:005:0010:0015:00

metal

Enemy metal destroyed

05k10k
0:005:0010:0015:00

metal

Own metal lost

05k10k
0:005:0010:0015:00

metal

2395 games.

Show as table
ByMetal produced: This buildEnemy metal destroyed: This buildOwn metal lost: This build
1:0023000
2:0088600
3:002007184130
4:003108643501
5:0041841352998
6:00534921831707
7:00654430512590
8:00776039353502
9:00903546904383
10:001041253145163
11:001188958585965
12:001358364066686
13:001540468757453
14:001729875038214
15:001929281099007
WHAT THE NUMBERS SAY

Standard Suicide front play wins a bit over half its games while taking the heaviest own losses of any role by 15:00.

  • + Produces 20142 metal by 15:00, highest of the front roles.
  • + First kill by 2:01 in all games, fastest contest of middle.
  • − Own metal lost hits 9178 by 15:00, more than enemy metal destroyed.
  • − Only 34% Rocketeer share shows army spread thin across many bot types.
THE EXAMPLE YOU ARE READING

Nutzz

40.4 OS · 14/10/2026

Open source match ↗

6 received units · includes a constructor
167 metal received · 10878 energy received

Allied construction assistance is unknown. Timings are observations, not a promise of solo reproducibility.

Typical milestones

Bot Lab0:21Middle 50%: 0:20–0:33 · n=2387
Advanced Metal Extractor9:46Middle 50%: 8:50–10:58 · n=1732

Played most by

_X_262games of this buildPlatinumBlonde188games of this buildXad165games of this buildTrapCaT109games of this buildImmort80games of this build